 Dungeon Crawl Stone Soup version 0.26.0-16-gc1dbca0489 (webtiles) character file.

Game seed: 4364157644158186915

5128 Goreval the Grappler (level 10, -6/100 HPs)
             Began as a Troll Berserker on Jan 17, 2021.
             Was a High Priest of Trog.
             Mangled by a death yak (22 damage)
             ... on level 7 of the Dungeon.
             The game lasted 00:13:38 (5908 turns).

Goreval the Grappler (Troll Berserker)              Turns: 5908, Time: 00:13:39

Health: -6/100     AC: 10    Str: 30    XL:     10   Next: 33%
Magic:  9/9        EV: 14    Int:  3    God:    Trog [*****.]
Gold:   468        SH:  0    Dex: 15    Spells: 9/9 levels left

rFire    . . .     SeeInvis .     - Unarmed
rCold    . . .     Faith    .   (no shield)
rNeg     . . .     Spirit   .   a - +1 animal skin
rPois    .         Reflect  .   (helmet restricted)
rElec    .         Harm     .   e - +2 cloak {Stlth+}
rCorr    .         Rampage  .   (gloves unavailable)
Will     ++...                  (boots unavailable)
Stlth    +.........             (no amulet)
HPRegen  1.66/turn              f - +4 ring of slaying
MPRegen  0.11/turn              k - +6 ring of dexterity

@: berserk cooldown, regenerating, slowed, very slow
A: large, unfitting armour, claws 3, regeneration 1, shaggy fur 1, tough skin 3
a: Renounce Religion, Berserk, Trog's Hand, Brothers in Arms


You were on level 7 of the Dungeon.
You worshipped Trog.
Trog was extremely pleased with you.
You visited 1 branch of the dungeon, and saw 8 of its levels.

You collected 468 gold pieces.

Inventory:

Missiles
 c - 107 stones (quivered)
 y - 4 throwing nets
Armour
 a - a +1 animal skin (worn)
 e - a +2 cloak of stealth (worn)
Jewellery
 f - a +4 ring of slaying (left claw)
 k - a +6 ring of dexterity (right claw)
 v - an uncursed amulet of faith
 z - an uncursed ring of resist corrosion
Wands
 m - a wand of enslavement (11)
 n - a wand of random effects (24)
 p - a wand of iceblast (6)
 r - a wand of flame (24)
 A - a wand of paralysis (8)
Scrolls
 b - 6 scrolls of remove curse
 i - a scroll of noise {unknown}
 o - 2 scrolls of enchant weapon
 q - 7 scrolls of teleportation
 t - 3 scrolls of blinking
 w - 4 scrolls of magic mapping
Potions
 d - 2 potions of attraction
 g - 2 potions of resistance
 h - a potion of invisibility
 j - 4 potions of curing
 s - a potion of lignification
 u - a potion of cancellation
 x - a potion of brilliance


   Skills:
 + Level 6.9 Fighting
 + Level 6.9 Dodging
 * Level 11.2 Unarmed Combat


You had 9 spell levels left.
You didn't know any spells.
Your spell library was empty.

Dungeon Overview and Level Annotations

Branches:
Dungeon (8/15)             Temple (0/1) D:7
   Lair: D:8-11

Altars:
Cheibriados
Dithmenos
Fedhas
Kikubaaqudgha
Nemelex Xobeh
Okawaru
Qazlal
Ru
Sif Muna
Uskayaw
Xom
Yredelemnul
The Shining One

Shops:
D:7 =


Innate Abilities, Weirdness & Mutations

You are too large for most types of armour.
You have claws for hands.
Your natural rate of healing is unusually fast.
You are covered in fur. (AC +1)
You have extremely tough skin. (AC +3)


Message History

You are exhausted.
You feel yourself slow down.
An adder zombie comes into view.
There is a stone staircase leading up here.
The death yak barely misses you.
You climb upwards.
There is a stone staircase leading down here.
You mangle the death yak!! The death yak closely misses you.
You mangle the death yak!! The death yak closely misses you.
The death yak gores you!!
You claw the death yak! The death yak gores you!
* * * LOW HITPOINT WARNING * * *
Okay, then.
Your skin crawls.
You feel strong-willed. The death yak gores you!!
* * * LOW HITPOINT WARNING * * *
The death yak gores you but does no damage.
The death yak gores you!!
You die...

....##.............#.............
.....###........#.###..###......#
..................###..###.#...##
..................#....#.#######
...#..##.............(.#.###
...##............).#....[..#
...##...##........##......##
....#...####.....[(.....###
.....[### ##...@Y).....# .....##
#..........## ....## #..........#
...## #....#.>..## #.##
#...###..## ### ##### #### # #


You could see a death yak.

Vanquished Creatures
  A death yak (D:8)
  Psyche (D:8)
  Grinder (D:6)
  2 ice beasts
  2 orc warriors
  A sky beast (D:7)
  A necrophage (D:8)
  2 ogres
  A phantom (D:4)
  4 centaurs
  A big kobold (D:7)
  5 bullfrogs
  A gnoll sergeant (D:8)
  A wyvern skeleton (D:6)
  5 scorpions
  15 killer bees
  4 wights
  2 howler monkeys
  A bullfrog zombie (D:6)
  A quasit (D:8)
  6 orc priests
  6 hounds
  Jessica (D:3)
  3 iguanas
  10 orc wizards
  5 worker ants
  A killer bee zombie (D:6)
  A hound zombie (D:8)
  A worker ant zombie (D:5)
  6 gnolls
  6 adders
  A river rat (D:8)
  A shadow imp (D:5)
  3 white imps
  An ufetubus (D:7)
  2 adder skeletons (D:6)
  6 worms
  2 dart slugs
  7 leopard geckos
  27 orcs
  13 bats
  6 giant cockroaches
  2 goblins
  7 hobgoblins
  9 jackals
  3 quokkas
  A ball python (D:1)
  6 frilled lizards
  8 kobolds
  2 quokka skeletons
  6 rats
211 creatures vanquished.

Notes
Turn   | Place    | Note
-------+----------+-------------------------------------------
     0 | D:1      | Goreval the Troll Berserker began the quest for the Orb.
     0 | D:1      | Reached XP level 1. HP: 22/22 MP: 0/0
   130 | D:1      | Reached XP level 2. HP: 29/29 MP: 1/1
   493 | D:2      | Found a shadowy altar of Dithmenos.
   503 | D:2      | Found a sparkling altar of Nemelex Xobeh.
   626 | D:2      | Reached XP level 3. HP: 35/36 MP: 2/2
   632 | D:2      | Reached ** piety under Trog
   843 | D:2      | Reached skill level 4 in Unarmed Combat
  1014 | D:2      | Reached XP level 4. HP: 44/44 MP: 3/3
  1108 | D:2      | Found a shimmering altar of Xom.
  1392 | D:3      | Noticed an ogre
  1397 | D:3      | Killed an ogre
  1398 | D:3      | Reached XP level 5. HP: 53/53 MP: 4/4
  1447 | D:3      | Found a shimmering blue altar of Sif Muna.
  1506 | D:3      | Noticed Jessica
  1514 | D:3      | Killed Jessica
  1634 | D:3      | Reached skill level 5 in Unarmed Combat
  1792 | D:3      | Found an ancient bone altar of Kikubaaqudgha.
  1794 | D:3      | Found a blossoming altar of Fedhas.
  2320 | D:4      | Found a snail-covered altar of Cheibriados.
  2341 | D:4      | Reached *** piety under Trog
  2342 | D:4      | Reached XP level 6. HP: 49/61 MP: 5/5
  2617 | D:4      | Reached skill level 6 in Unarmed Combat
  2630 | D:4      | Reached XP level 7. HP: 41/68 MP: 6/6
  2676 | D:4      | Found a hide-covered altar of Uskayaw.
  2677 | D:4      | Noticed a +0 hand axe
  2678 | D:4      | Noticed a +0 dagger
  2757 | D:4      | Found a glowing golden altar of the Shining One.
  2914 | D:5      | Entered Level 5 of the Dungeon
  2918 | D:5      | Found a stormy altar of Qazlal.
  3272 | D:5      | Reached skill level 7 in Unarmed Combat
  3461 | D:5      | Found a basalt altar of Yredelemnul.
  3613 | D:5      | Found an iron altar of Okawaru.
  3795 | D:5      | Found a sacrificial altar of Ru.
  3904 | D:6      | Noticed Grinder
  3918 | D:5      | Reached **** piety under Trog
  3983 | D:6      | Reached XP level 8. HP: 79/79 MP: 7/7
  4044 | D:6      | Paralysed by Grinder for 2 turns
  4057 | D:6      | Killed Grinder
  4065 | D:6      | Reached skill level 8 in Unarmed Combat
  4071 | D:6      | Reached skill level 5 in Fighting
  4076 | D:6      | Reached skill level 5 in Dodging
  4261 | D:6      | Reached XP level 9. HP: 77/88 MP: 8/8
  4418 | D:6      | Reached skill level 9 in Unarmed Combat
  4823 | D:7      | Reached ***** piety under Trog
  5112 | D:7      | Found Ofuraudgh's Jewellery Boutique.
  5168 | D:7      | Reached skill level 10 in Unarmed Combat
  5243 | D:7      | Found a staircase to the Ecumenical Temple.
  5559 | D:8      | Noticed Psyche
  5566 | D:8      | Killed Psyche
  5670 | D:8      | Reached XP level 10. HP: 90/100 MP: 9/9
  5872 | D:8      | Noticed a death yak
  5875 | D:8      | Noticed a death yak
  5882 | D:8      | Noticed a death yak
  5887 | D:8      | Killed a death yak
  5888 | D:8      | Reached skill level 11 in Unarmed Combat
  5908 | D:7      | Mangled by a death yak

Illustrated notes

Levels and vault maps discovered:
D:1:      saegor_arrival_under_anarchy, layout_rooms
D:2:      layout_loops_corners, lemuel_crystal_altar, grunt_temple_overflow_open
D:3:      layout_basic, grunt_temple_overflow_growth_and_decay, led_sif_book,
          uniq_jessica
D:4:      layout_basic, marbit_many_paths, dancing_weapons_uskayaw,
          kennysheep_slug_shrine
D:5:      layout_loops_corners, nicolae_ru_path_of_blood, grunt_qazlal_clouds,
          okawaru_ov_weapons_minmay, basic_altar, serial_park_tiny_2
D:6:      layout_rooms, uniq_grinder
D:7:      layout_cave_pools, nicolae_overflow_hidden_temple,
          minmay_temple_entry_drinking_statues, serial_shops, shop
D:8:      layout_cave_pools, dpeg_lair_monsters, zaba_antful_of_joy, uniq_psyche

Skill      XL: |  1  2  3  4  5  6  7  8  9 10 |
---------------+-------------------------------+-----
Unarmed Combat | 4 5 6 7 8 10 11 | 11.2
Fighting       | 3 4 5 6 |  6.9
Dodging        | 3 4 5 6 |  6.9

Action                   |  1- 3 |  4- 6 |  7- 9 | 10-12 || total
-------------------------+-------+-------+-------+-------++-------
Melee: Unarmed           |    76 |   123 |   268 |    47 ||   514
       Punch             |       |     1 |    13 |     2 ||    16
Throw: Stone             |    49 |    11 |    15 |     1 ||    76
Invok: Berserk           |     2 |     3 |     4 |     1 ||    10
       Trog's Hand       |       |       |       |     1 ||     1
  Use: Scroll            |       |     8 |     7 |       ||    15
Armor: Animal skin       |    42 |    54 |    76 |    13 ||   185
Dodge: Dodged            |    43 |    68 |   179 |    38 ||   328
